 Dungeon Sprint DCSS version 0.27.1-2-g3b301248ec (webtiles) character file.

Game seed: 229011599576171384

10 boopmooplesden the Skirmisher (level 2, -8/28 HPs)
             Began as a Minotaur Fighter on Sept 22, 2021.
             Mangled by a boulder beetle (17 damage)
             ... in the Dungeon (Sprint II: "The Violet Keep of Menkaure").
             The game lasted 00:00:30 (44 turns).

boopmooplesden the Skirmisher (Minotaur Fighter)      Turns: 44, Time: 00:00:30

Health: -8/28      AC:  7    Str: 20    XL:     2   Next: 10%
Magic:  1/1        EV:  7    Int:  5    God:
Gold:   243        SH:  9    Dex:  9    Spells: 1/1 levels left

rFire    . . .     SeeInvis .   a - +0 war axe
rCold    . . .     Faith    .   c - +0 kite shield
rNeg     . . .     Spirit   .   b - +0 scale mail
rPois    .         Reflect  .   (helmet restricted)
rElec    .         Harm     .   (no cloak)
rCorr    .         Rampage  .   (no gloves)
Will     .....     NoTele   +   (no boots)
Stlth    ..........             (no amulet)
HPRegen  0.09/turn              (no ring)
MPRegen  0.07/turn              (no ring)

@: mighty
A: horns 2, retaliatory headbutt
a: no special abilities


You were in the Dungeon.
You visited 1 branch You collected 243 gold pieces.

Inventory:

Hand Weapons
 a - a +0 war axe (weapon)
Armour
 b - a +0 scale mail (worn)
 c - a +0 kite shield (worn)
Scrolls
 j - a scroll of blinking
Potions
 e - a potion of curing
 f - a potion of heal wounds
 g - a potion of haste
 h - 2 potions of magic
 i - a potion of berserk rage


   Skills:
 + Level 4.6 Fighting
 + Level 3.0 Axes
 + Level 4.5 Armour
 + Level 4.5 Shields


You had one spell level left.
You didn't know any spells.
Your spell library was empty.

Dungeon Overview and Level Annotations

Branches:
Dungeon (1/1)

Altars:

Annotations:
D Menkaure


Innate Abilities, Weirdness & Mutations

You have a pair of horns on your head.
You reflexively headbutt those who attack you in melee.


Message History

There is an open door here.
Menkaure, Prince of Dust comes into view.
Menkaure shouts!
The orange crystal statue is engulfed in mutagenic fog.
You hit Menkaure.
Menkaure is lightly damaged.
You hit the boulder beetle but do no damage.
The orange crystal statue is engulfed in mutagenic fog.
Menkaure closely misses you.
The boulder beetle bites you but does no damage.
You hit Menkaure. You headbutt Menkaure!
Menkaure is heavily damaged.
You slash the boulder beetle!
The orange crystal statue is engulfed in mutagenic fog.
The boulder beetle leaps!
Menkaure calls on the powers of darkness!
Your body is wracked with pain!
The boulder beetle convulses!
The orange crystal statue is engulfed in mutagenic fog.
You block Menkaure's attack.
You barely miss Menkaure.
Menkaure is heavily damaged.
The orange crystal statue is engulfed in mutagenic fog.
The orange crystal statue glitters topaz in the dim dungeon light.
The boulder beetle curls into a ball and begins rolling!
Menkaure calls on the powers of darkness!
Your body is wracked with pain!
The boulder beetle convulses!
The orange crystal statue is engulfed in mutagenic fog.
You closely miss Menkaure. You headbutt Menkaure.
Menkaure is severely damaged.
You barely miss the boulder beetle. The boulder beetle barely misses you.
You furiously retaliate!
You headbutt the boulder beetle, but do no damage.
The orange crystal statue is engulfed in mutagenic fog.
The orange crystal statue glitters topaz in the dim dungeon light.
You block Menkaure's attack.
You feel very mighty all of a sudden.
The boulder beetle stops rolling and uncurls.
The boulder beetle bites you!
Ouch! That really hurt!
You die...

+####
§§≈§§§§##
≈≈§§§§§##
§§8§§§§§#
§§§≈≈≈ ≈§§§
##≈≈#+++#+++##
#≈°°°BM@.....#
#≈≈≈≈.##B##..#
#≈≈≈≈###..##
#≈≈≈ #.##..#
#≈≈ ##.#.## #≈
##†## # ##.##
+.<.+ ##B##


You could see 2 boulder beetles, an orange crystal statue and Menkaure.

Vanquished Creatures
  3 worms (D)
3 creatures vanquished.

Vanquished Creatures (others)
  A water moccasin (D)
1 creature vanquished.

Grand Total: 4 creatures vanquished

Notes
Turn   | Place    | Note
-------+----------+-------------------------------------------
     0 | D        | boopmooplesden the Minotaur Fighter began the quest for the
                  | Orb.
     0 | D        | Reached XP level 1. HP: 19/19 MP: 0/0
    13 | D        | Killed a water moccasin
    14 | D        | Reached XP level 2. HP: 28/28 MP: 1/1
    30 | D        | Noticed a boulder beetle
    30 | D        | Noticed a boulder beetle
    37 | D        | Noticed an orange crystal statue
    39 | D        | Noticed Menkaure
    44 | D        | Mangled by a boulder beetle

Illustrated notes

Levels and vault maps discovered:
D:        the_violet_keep_of_menkaure [sprint2_stairs_cluster_1,
          sprint2_shoproom, sprint2_temple, sprint2_basic_supplies,
          sprint2_obstacle_3, sprint2_obstacle_1, sprint2_obstacle_4,
          sprint2_obstacle_6, sprint2_obstacle_5, sprint2_timed_cluster_1,
          sprint2_smallroom_cluster_1, sprint2_smallroom_final_cluster_1,
          sprint2_transparent_cluster_1, sprint2_second_timed_cluster_1,
          sprint2_sniper_area_1, sprint2_heavy_combat_area_1,
          sprint2_mutation_trap_area_1, sprint2_forest_area_1,
          sprint2_light_combat_area_1, sprint2_behind_water_1,
          sprint2_near_end_vault_1]

Skill      XL: |  1 |
---------------+----+-----
Fighting       | 4 |  4.6
Armour         | 4 |  4.5
Shields        | 4 |  4.5
Axes           | 3 |  3.0

Action                   || total
-------------------------++-------
Melee: War axe           ||    13
       Headbutt          ||     7
  Use: Potion            ||     1
Armor: Scale mail        ||     2
Dodge: Dodged            ||     5
Block: Kite shield       ||     4
